 Dungeon Crawl Stone Soup version 0.29.1-1-gd02db6906a (webtiles) character file.

Game seed: 5814988296074014644

347 Sabo the Chopper (level 6, -15/53 HPs)
             Began as a Minotaur Fighter on Oct 23, 2022.
             Was an Initiate of Okawaru.
             Demolished by a large abomination (32 damage)
             ... on level 1 of the Abyss.
             The game lasted 00:21:51 (5132 turns).

Sabo the Chopper (Minotaur Fighter)                 Turns: 5132, Time: 00:21:51

Health: -15/53     AC:  9    Str: 23    XL:     6   Next: 33%
Magic:  5/5        EV:  9    Int:  5    God:    Okawaru [......]
Gold:   201        SH:  4    Dex:  9    Spells: 5/5 levels left

rFire   . . .      SeeInvis .   a - +0 war axe
rCold   . . .      Faith    .   c - +0 buckler
rNeg    . . .      Spirit   .   b - +2 scale mail
rPois   .          Reflect  .   (helmet restricted)
rElec   .          Harm     .   (no cloak)
rCorr   .          Rampage  .   (no gloves)
Will    .....                   (no boots)
Stlth   ..........              (no amulet)
HPRegen 0.17/turn               (no ring)
MPRegen 0.09/turn               (no ring)

@: no status effects
A: horns 2, retaliatory headbutt
a: Renounce Religion


You were on level 1 of the Abyss.
You worshipped Okawaru.
Okawaru was noncommittal.
You visited 1 branch of the dungeon, and saw 3 of its levels.
You visited the Abyss 1 time.
You also visited: Sewer.

You collected 240 gold pieces.
You spent 39 gold pieces at shops.

Inventory:

Hand Weapons
 a - a +0 war axe (weapon)
 i - a +0 short sword of venom
 w - a +1 dagger of freezing
Missiles
 q - 11 poisoned darts (quivered)
Armour
 b - a +2 scale mail (worn)
 c - a +0 buckler (worn)
Scrolls
 h - 2 scrolls of poison
 l - a scroll of blinking
 m - 2 scrolls of silence
 o - a scroll of magic mapping
 p - a scroll of teleportation {unknown}
 t - a scroll of summoning {unknown}
 v - a scroll of brand weapon {unknown}
Potions
 d - a potion of might
 e - 3 potions of curing
 f - a potion of heal wounds {unknown}
 j - a potion of experience {unknown}
 k - a potion of lignification {unknown}
 n - a potion of flight {unknown}
 r - a potion of cancellation {unknown}
 s - a potion of ambrosia {unknown}
 u - 2 potions of haste {unknown}


   Skills:
 + Level 4.6 Fighting
 + Level 5.8 Axes
 + Level 5.2 Armour
 + Level 1.1 Dodging
 + Level 0.1 Stealth
 + Level 4.4 Shields


You had 5 spell levels left.
You didn't know any spells.
Your spell library contained the following spells:

 Spells                   Type           Power      Damage    Failure   Level
 Conjure Flame            Conj/Fire      0%         6-21      99%         3
 Ignite Poison            Fire/Tmut/Pois 0%         N/A       99%         3
 Sticky Flame             Conj/Fire      0%         2d3       100%        4


Dungeon Overview and Level Annotations

Branches:
Dungeon (3/15)              Sewer (visited)

Altars:
Okawaru

Shops:
D:1 :   D:3 !

Annotations:
D:3 1 transporter, Soneb's ghost, amateur DrBe


Innate Abilities, Weirdness & Mutations

You have a pair of horns on your head.
You reflexively headbutt those who attack you in melee.


Message History

Things that are here:
a +0 whip; a kobold corpse
Things that are here:
a +0 whip; a kobold corpse Soneb's ghost turns its malevolent gaze towards you.
The goblin shouts!
You hear a shout!
The endoplasm jiggles.
Soneb's ghost laughs, "And you think you're capable of finding the ORB?
I had it, you know.
Then I gave it away so I could steal it AGAIN."
There is a stone staircase leading up here.
As you read the scroll of enchant armour, it crumbles to dust.
Your +1 scale mail glows green for a moment.
There is a stone staircase leading up here.
There is a stone staircase leading up here.
The endoplasm jiggles.
There is a transporter here.
You enter the transporter and appear at another place.
The endoplasm freezes you.
You are frozen.
The goblin hits you but does no damage.
You hit the goblin. You headbutt the goblin.
You kill the goblin!
You slash the endoplasm!
You kill the endoplasm!
Okawaru accepts your kill.
You miss Soneb's ghost. You block the gnoll's attack. Soneb's ghost hits you!
The gnoll hits you but does no damage. Space warps around you.
Soneb's ghost barely misses you.
You completely miss Soneb's ghost. You slash the worm! Soneb's ghost hits you.
The gnoll hits you but does no damage.
You are cast into the Abyss!
This branch contains the abyssal rune of Zot.
A large abomination comes into view.
You slash the large abomination!
The large abomination is lightly damaged.
The large abomination hits you!!
You barely miss the large abomination.
Your headbutt misses the large abomination.
The large abomination is lightly damaged.
The large abomination hits you!!
Ouch! That really hurt!
You die...

~~~≈~~ #... ..#.#.
~~.#. .....
......###~~♣~## .
............#.~~~≈~#
. .
.#..##...#.~~~~~#
..#...
..∩.#....♣≈~~~# ..8.
#.#..8#....~~≈≈~# .
..#...#..#..@.#~~≈≈≈
. ........#..X..#
#....∩....#...##.##
. .... ....#....#..#
.. .....#..#...#.###
.#8..#.#..8........#
.. ............#...#
. #.##..##.....#.###
. .............##


You could see a large abomination.

Vanquished Creatures
  A kobold brigand (Sewer)
  Ijyb (D:3)
  Natasha (thrice) (D:2)
  Robin (D:2)
  7 adders
  A river rat (Sewer)
  A worm (Sewer)
  2 orcs (D:2)
  10 ball pythons
  2 bats
  9 endoplasms
  3 giant cockroaches
  19 goblins
  8 hobgoblins
  3 jackals (D:3)
  4 quokkas
  4 frilled lizards
  9 kobolds
  4 rats
92 creatures vanquished.

Vanquished Creatures (others)
  A plant (D:1)
1 creature vanquished.

Grand Total: 93 creatures vanquished

Notes
Turn   | Place    | Note
-------+----------+-------------------------------------------
     0 | D:1      | Sabo the Minotaur Fighter began the quest for the Orb.
     0 | D:1      | Reached XP level 1. HP: 19/19 MP: 0/0
   355 | D:1      | Reached XP level 2. HP: 27/27 MP: 1/1
   566 | D:1      | Found Cualip's Book Emporium.
   989 | D:2      | Reached XP level 3. HP: 33/33 MP: 2/2
   996 | D:2      | Found an iron altar of Okawaru.
  1009 | D:2      | Became a worshipper of Warmaster Okawaru
  1170 | D:2      | Noticed Robin
  1185 | D:2      | Killed Robin
  1557 | D:2      | Found a faded altar of an unknown god.
  1655 | D:2      | Reached XP level 4. HP: 34/40 MP: 3/3
  1776 | D:2      | Noticed Natasha
  1783 | D:2      | Killed Natasha
  1913 | D:2      | Noticed Natasha
  1942 | D:2      | Killed Natasha
  2394 | D:2      | Noticed Natasha
  2405 | D:2      | Killed Natasha
  2406 | D:2      | Reached skill level 1 in Dodging
  2406 | D:2      | Reached XP level 5. HP: 28/46 MP: 4/4
  2730 | D:3      | Found a glowing drain.
  2772 | Sewer    | Entered a sewer
  3011 | Sewer    | Reached skill level 5 in Axes
  3011 | Sewer    | Reached skill level 5 in Armour
  3094 | Sewer    | Reached XP level 6. HP: 38/53 MP: 5/5
  3645 | D:3      | Noticed Soneb's ghost (amateur DrBe)
  3648 | D:3      | Found a transporter.
  3658 | D:3      | Found a transporter.
  3968 | D:3      | Noticed Ijyb
  3978 | D:3      | Killed Ijyb
  4603 | D:3      | Found Binuo's Distillery.
  4679 | D:3      | Bought a potion of curing for 39 gold pieces
  5111 | Abyss:1  | Cast into level 1 of the Abyss (gnoll)
  5119 | Abyss:1  | Noticed a large abomination
  5132 | Abyss:1  | Demolished by a large abomination

Illustrated notes

Levels and vault maps discovered:
D:1:      psy_arrival_fountain, layout_basic, serial_shops, shop_statue
D:2:      layout_loops_ring, basic_altar, serial_rivers,
          chequers_serial_rivers_micro_a, chequers_serial_rivers_large_a,
          chequers_serial_rivers_micro_b, chequers_serial_rivers_room_a,
          chequers_serial_rivers_small_a,
          hellmonk_ecumenical_altar_defaced_shrine, uniq_robin, uniq_natasha
D:3:      kennysheep_goblin_castle, layout_loops_ring, portal_sewer_entry_d,
          gammafunk_ghost_arena, serial_shops, nicolae_shop_window_shopping,
          grunt_ministairs_12
Abyss:1:  base:
Temple

Skill      XL: |  1  2  3  4  5 |
---------------+----------------+-----
Shields        | 4 |  4.4
Armour         | 4 5 |  5.2
Axes           | 3 4 5 |  5.8
Fighting       | 4 |  4.6
Dodging        | 1 |  1.1
Stealth        | |  0.1

Action                   |  1- 3 |  4- 6 || total
-------------------------+-------+-------++-------
Melee: War axe           |   106 |   152 ||   258
       Headbutt          |    12 |    20 ||    32
  Use: Scroll            |     3 |     6 ||     9
Armor: Scale mail        |    58 |    78 ||   136
Dodge: Dodged            |    50 |    65 ||   115
Block: Buckler           |    26 |    35 ||    61
